AA
WASHINGTON OAKS @ NEWARK KNIGHTS
06/09/2060
 
TOP OF THE 1ST
Washington Oaks batting - Pitching for Newark Knights : RHP Sean Kilgore
Pitching: RHP Sean Kilgore
Batting: RHB Parker Capalbo 0-0: Ball
1-0: Ball
2-0: Foul Ball, location: 2F
2-1: Foul Ball, location: 2F
2-2: Strikes out swinging
Batting: RHB Ayden Harley 0-0: Ball
1-0: Fly out, F7 (Flyball, 7, EV 82.5 MPH)
Batting: SHB Malcolm Peters 0-0: Called Strike
0-1: Foul Ball, location: 2F
0-2: Fly out, F7 (Flyball, 78M, EV 91.2 MPH)
Top of the 1st over - 0 runs, 0 hits, 0 errors, 0 left on base; Washington 0 - Newark 0
BOTTOM OF THE 1ST
Newark Knights batting - Pitching for Washington Oaks : RHP Quenton Wagner
Pitching: RHP Quenton Wagner
Batting: SHB Zak Puckett 0-0: Ball
1-0: Called Strike
1-1: Foul Ball, location: 2F
1-2: Foul Ball, location: 2F
1-2: Ball
2-2: Ball
3-2: Foul Ball, location: 2F
3-2: Base on Balls
Batting: RHB Danrad Orozco 0-0: DOUBLE (Flyball, 78XD, EV 106.2 MPH)
Zak Puckett to third
Runner from 3rd tries for Home, SAFE, throw by CF to trailing runner, SAFE at third!
Batting: RHB Garret Perales 0-0: Ball
1-0: Ball
2-0: Called Strike
2-1: Ball
3-1: Foul Ball, location: 2F
3-2: Foul Ball, location: 2F
3-2: Base on Balls
Batting: RHB Fulton Mhina 0-0: Ball
1-0: Fly out, F8 (Flyball, 89D, EV 97.5 MPH)
Runner from 3rd tags up, SCORES, throw by CF
Batting: LHB Chase Barkow 0-0: Fielders Choice at 2nd, 6-4 (Groundball, 6M, EV 85.0 MPH)
Batting: RHB Benjamin Givler 0-0: Ball
1-0: Called Strike
Chase Barkow steals 2nd base
1-1: Foul Ball, location: 2F
1-2: Ball
2-2: Strikes out swinging
Bottom of the 1st over - 2 runs, 1 hit, 0 errors, 1 left on base; Washington 0 - Newark 2
TOP OF THE 2ND
Washington Oaks batting - Pitching for Newark Knights : RHP Sean Kilgore
Batting: LHB Elmer Duquette 0-0: Called Strike
0-1: Ball
1-1: Foul Ball, location: 2F
1-2: Strikes out swinging
Batting: LHB Ethan DeBoer 0-0: Called Strike
0-1: Ball
1-1: Ball
2-1: Reached via error on a dropped throw from 3B, E3 (Groundball, 56, EV 111.9 MPH)
Batting: SHB Benny Adcox 0-0: Called Strike
0-1: Ball
1-1: Ball
2-1: Called Strike
2-2: Foul Ball, location: 2F
2-2: Strikes out looking
Batting: LHB Topher Delano 0-0: Swinging Strike
0-1: Ball
1-1: Foul Ball, location: 2F
1-2: Foul Ball, location: 2F
1-2: Foul Ball, location: 2F
1-2: Fly out, F8 (Flyball, 8RD, EV 96.9 MPH)
Top of the 2nd over - 0 runs, 0 hits, 1 error, 1 left on base; Washington 0 - Newark 2
BOTTOM OF THE 2ND
Newark Knights batting - Pitching for Washington Oaks : RHP Quenton Wagner
Batting: SHB Deville Fewings 0-0: Foul Ball, location: 2F
0-1: Ball
1-1: Ball
2-1: Ball
3-1: DOUBLE (Line Drive, 7LM, EV 112.5 MPH)
Batting: RHB Hayden Cooper 0-0: Called Strike
0-1: Foul Ball, location: 2F
0-2: Foul Ball, location: 2F
0-2: Strikes out swinging
Batting: RHB Kaleb Holle 0-0: Ball
1-0: SINGLE (Line Drive, 7S, EV 104.4 MPH)
Deville Fewings to third
Batting: SHB Zak Puckett 0-0: Ball
1-0: Foul Ball, location: 2F
1-1: Fielders Choice at 2nd, 1-6 (Groundball, 34S, EV 63.1 MPH)
Batting: RHB Danrad Orozco 0-0: Ball
1-0: Ball
2-0: Called Strike
2-1: Foul Ball, location: 2F
2-2: Ground out 2-3 (Groundball, 15S, EV 70.0 MPH)
Bottom of the 2nd over - 0 runs, 2 hits, 0 errors, 2 left on base; Washington 0 - Newark 2
TOP OF THE 3RD
Washington Oaks batting - Pitching for Newark Knights : RHP Sean Kilgore
Batting: RHB Tristin Curtis 0-0: Ball
1-0: Ball
2-0: Called Strike
2-1: Ball
3-1: Base on Balls
Batting: SHB Frank Kimery 0-0: Called Strike
Tristin Curtis steals 2nd base
0-1: Ball
1-1: Ball
2-1: Foul Ball, location: 2F
2-2: Ground out U3 (Groundball, 3, EV 85.0 MPH)
Tristin Curtis to third
Batting: RHB Parker Capalbo 0-0: Ball
1-0: Ground out 4-3 (Groundball, 34, EV 106.2 MPH)
Tristin Curtis scores
Batting: RHB Ayden Harley 0-0: SINGLE (Groundball, 6S, EV 66.9 MPH) (infield hit)
Batting: SHB Malcolm Peters 0-0: Called Strike
Ayden Harley steals 2nd base
0-1: Ball
1-1: Ball
2-1: Swinging Strike
2-2: Foul Ball, location: 2F
2-2: Ball
3-2: Strikes out swinging
Top of the 3rd over - 1 run, 1 hit, 0 errors, 1 left on base; Washington 1 - Newark 2
BOTTOM OF THE 3RD
Newark Knights batting - Pitching for Washington Oaks : RHP Quenton Wagner
Batting: RHB Garret Perales 0-0: Foul Ball, location: 2F
0-1: Foul Ball, location: 2F
0-2: Strikes out looking
Batting: RHB Fulton Mhina 0-0: Called Strike
0-1: Swinging Strike
0-2: Strikes out swinging
Batting: LHB Chase Barkow 0-0: Called Strike
0-1: Ball
1-1: Ball
2-1: Ball
3-1: SINGLE (Groundball, 13S, EV 71.2 MPH) (infield hit)
Batting: RHB Benjamin Givler 0-0: Foul Ball, location: 2F
0-1: Ball
1-1: Fly out, F4 (Flyball, 34D, EV 88.1 MPH)
Bottom of the 3rd over - 0 runs, 1 hit, 0 errors, 1 left on base; Washington 1 - Newark 2
TOP OF THE 4TH
Washington Oaks batting - Pitching for Newark Knights : RHP Sean Kilgore
Batting: LHB Elmer Duquette 0-0: Ball
1-0: Called Strike
1-1: Foul Ball, location: 2F
1-2: Strikes out swinging
Batting: LHB Ethan DeBoer 0-0: Called Strike
0-1: Foul Ball, location: 2F
0-2: Foul Ball, location: 2F
0-2: Ball
1-2: Strikes out looking
Batting: SHB Benny Adcox 0-0: Called Strike
0-1: SINGLE (Groundball, 5L, EV 105.6 MPH) (infield hit)
Batting: LHB Topher Delano 0-0: Ball
1-0: SINGLE (Groundball, 56, EV 100.6 MPH)
Benny Adcox to second
Runner from 2nd tries for 3rd, SAFE, throw by LF made to third
Batting: RHB Tristin Curtis 0-0: SINGLE (Groundball, 6S, EV 69.4 MPH) (infield hit)
Benny Adcox scores
Topher Delano to second
Batting: SHB Frank Kimery 0-0: Ball
1-0: Called Strike
1-1: Fly out, F4 (Popup, 4MD, EV 44.4 MPH)
Top of the 4th over - 1 run, 3 hits, 0 errors, 2 left on base; Washington 2 - Newark 2
BOTTOM OF THE 4TH
Newark Knights batting - Pitching for Washington Oaks : RHP Quenton Wagner
Batting: SHB Deville Fewings 0-0: Ball
1-0: Fly out, F9 (Flyball, 9LM, EV 78.1 MPH)
Batting: RHB Hayden Cooper 0-0: Fly out, F7 (Line Drive, 7S, EV 85.6 MPH)
Batting: RHB Kaleb Holle 0-0: Called Strike
0-1: Ball
1-1: Foul Ball, location: 2F
1-2: SINGLE (Line Drive, 89S, EV 93.1 MPH)
Batting: SHB Zak Puckett 0-0: Ball
1-0: Called Strike
1-1: Foul Ball, location: 2F
1-2: Ball
2-2: Ball
3-2: Fly out, F6 (Popup, 6, EV 73.8 MPH)
Bottom of the 4th over - 0 runs, 1 hit, 0 errors, 1 left on base; Washington 2 - Newark 2
TOP OF THE 5TH
Washington Oaks batting - Pitching for Newark Knights : RHP Sean Kilgore
Batting: RHB Parker Capalbo 0-0: Ball
1-0: Ball
2-0: Foul Ball, location: 2F
2-1: Ball
3-1: Called Strike
3-2: Strikes out looking
Batting: RHB Ayden Harley 0-0: Foul Ball, location: 2F
0-1: Ball
1-1: Ball
2-1: Ground out 5-3 (Groundball, 56, EV 80.0 MPH)
Batting: SHB Malcolm Peters 0-0: Fly out, F7 (Flyball, 7D, EV 96.2 MPH)
Top of the 5th over - 0 runs, 0 hits, 0 errors, 0 left on base; Washington 2 - Newark 2
BOTTOM OF THE 5TH
Newark Knights batting - Pitching for Washington Oaks : RHP Quenton Wagner
Batting: RHB Danrad Orozco 0-0: Called Strike
0-1: Foul Ball, location: 2F
0-2: Ball
1-2: Foul Ball, location: 2F
1-2: SINGLE (Groundball, 6M, EV 84.4 MPH) (infield hit)
Batting: RHB Garret Perales 0-0: SINGLE (Line Drive, 34, EV 96.9 MPH)
Danrad Orozco to second
Batting: RHB Fulton Mhina 0-0: Ball
1-0: Reached on error, E1 (Groundball, 34S, EV 69.4 MPH)
Danrad Orozco to third
Garret Perales to second
Batting: LHB Chase Barkow 0-0: Called Strike
0-1: Ball
1-1: Foul Ball, location: 2F
1-2: Foul Ball, location: 2F
1-2: Foul Ball, location: 2F
1-2: Ball
2-2: Foul Ball, location: 2F
2-2: Strikes out swinging
Batting: RHB Benjamin Givler 0-0: Ball
1-0: Called Strike
1-1: Ball
2-1: Foul Ball, location: 2F
2-2: Foul Ball, location: 2F
2-2: Ball
3-2: Foul Ball, location: 2F
3-2: SINGLE (Line Drive, 89S, EV 103.1 MPH)
Danrad Orozco scores
Garret Perales to third
Fulton Mhina to second
Batting: SHB Deville Fewings 0-0: Ball
1-0: Foul Ball, location: 2F
1-1: Fly out, F8 (Flyball, 8LD, EV 86.9 MPH)
Throwing error, E8
Garret Perales scores
Fulton Mhina to third
Benjamin Givler to second
Batting: RHB Hayden Cooper 0-0: Ball
1-0: Ball
2-0: Called Strike
2-1: SINGLE (Groundball, 56S, EV 75.6 MPH) (infield hit)
Fulton Mhina scores
Benjamin Givler to third
Batting: RHB Kaleb Holle 0-0: Ball
1-0: Ground out 4-3 (Groundball, 4MS, EV 66.2 MPH)
Bottom of the 5th over - 3 runs, 4 hits, 2 errors, 2 left on base; Washington 2 - Newark 5
TOP OF THE 6TH
Washington Oaks batting - Pitching for Newark Knights : RHP Sean Kilgore
Batting: LHB Elmer Duquette 0-0: Called Strike
0-1: Ground out 6-3 (Groundball, 6, EV 81.9 MPH)
Batting: LHB Ethan DeBoer 0-0: Called Strike
0-1: Ball
1-1: Ball
2-1: SINGLE (Groundball, 5D, EV 101.2 MPH)
Batting: SHB Benny Adcox 0-0: Ball
1-0: Called Strike
1-1: Foul Ball, location: 2F
1-2: Foul Ball, location: 2F
1-2: Fielders Choice at 2nd, 1-6 (Groundball, 34S, EV 75.6 MPH)
Batting: LHB Topher Delano 0-0: Ball
Benny Adcox steals 2nd base (no throw)
1-0: Ball
2-0: Foul Ball, location: 2F
2-1: Foul Ball, location: 2F
2-2: Strikes out looking
Top of the 6th over - 0 runs, 1 hit, 0 errors, 1 left on base; Washington 2 - Newark 5
BOTTOM OF THE 6TH
Newark Knights batting - Pitching for Washington Oaks : RHP Quenton Wagner
Batting: SHB Zak Puckett 0-0: Foul Ball, location: 2F
0-1: Foul Ball, location: 2F
0-2: SINGLE (Groundball, 34D, EV 109.4 MPH)
Batting: RHB Danrad Orozco 0-0: Ball
Zak Puckett steals 2nd base
1-0: Ground out U3 (Groundball, 23, EV 87.5 MPH)
Zak Puckett to third
Batting: RHB Garret Perales 0-0: Ball
1-0: Ball
2-0: Ball
3-0: Base on Balls
Pitching: RHP Tommy Tripp
Batting: RHB Fulton Mhina 0-0: Ball
1-0: Ball
2-0: Called Strike
2-1: Foul Ball, location: 2F
2-2: Foul Ball, location: 2F
2-2: Ball
3-2: 3-RUN HOME RUN (Flyball, 78XD, EV 102.5 MPH), Distance : 398 ft
Batting: LHB Chase Barkow 0-0: Called Strike
0-1: Swinging Strike
0-2: Fly out, F6 (Popup, P, EV 85.6 MPH)
Batting: RHB Benjamin Givler 0-0: Called Strike
0-1: Swinging Strike
0-2: Strikes out swinging
Bottom of the 6th over - 3 runs, 2 hits, 0 errors, 0 left on base; Washington 2 - Newark 8
TOP OF THE 7TH
Washington Oaks batting - Pitching for Newark Knights : RHP Sean Kilgore
Batting: RHB Tristin Curtis 0-0: Ball
1-0: Swinging Strike
1-1: Ball
2-1: Ball
3-1: Called Strike
3-2: Strikes out swinging
Batting: SHB Frank Kimery 0-0: Ball
1-0: Ball
2-0: Ball
3-0: Base on Balls
Pitching: RHP Richard Dueck
Batting: RHB Parker Capalbo 0-0: Called Strike
Frank Kimery steals 2nd base
0-1: Ground out 6-3 (Groundball, 6D, EV 102.5 MPH)
Batting: RHB Ayden Harley 0-0: SINGLE (Groundball, 6MD, EV 105.0 MPH)
Frank Kimery to third
Runner from 3rd tries for Home, throw by CF and OUT! 8-2
Top of the 7th over - 0 runs, 1 hit, 0 errors, 1 left on base; Washington 2 - Newark 8
BOTTOM OF THE 7TH
Newark Knights batting - Pitching for Washington Oaks : RHP Tommy Tripp
Batting: SHB Deville Fewings 0-0: Ball
1-0: Ball
2-0: Ball
3-0: Base on Balls
Batting: RHB Hayden Cooper 0-0: 2-RUN HOME RUN (Flyball, 7D, EV 101.2 MPH), Distance : 361 ft
Batting: RHB Kaleb Holle 0-0: Called Strike
0-1: Ball
1-1: Ground out 5-3 (Groundball, 56, EV 78.1 MPH)
Pinch Hitting: SHB Stefan Traylor 0-0: Ball
1-0: Called Strike
1-1: Called Strike
1-2: Strikes out swinging
Batting: RHB Danrad Orozco 0-0: Ball
1-0: Called Strike
1-1: Swinging Strike
1-2: Ball
2-2: Foul Ball, location: 2F
2-2: Strikes out swinging
Bottom of the 7th over - 2 runs, 1 hit, 0 errors, 0 left on base; Washington 2 - Newark 10
TOP OF THE 8TH
Washington Oaks batting - Pitching for Newark Knights : RHP Richard Dueck
Now in RF: Dave Seay
Batting: SHB Malcolm Peters 0-0: Ball
1-0: Ground out 6-3 (Groundball, 6, EV 79.4 MPH)
Batting: LHB Elmer Duquette 0-0: Called Strike
0-1: DOUBLE (Line Drive, 9LM, EV 99.4 MPH)
Batting: LHB Ethan DeBoer 0-0: Ball
1-0: Ground out U3 (Groundball, 34, EV 109.4 MPH)
Elmer Duquette to third
Batting: SHB Benny Adcox 0-0: Called Strike
0-1: Fly out, F9 (Flyball, 9LM, EV 105.0 MPH)
Top of the 8th over - 0 runs, 1 hit, 0 errors, 1 left on base; Washington 2 - Newark 10
BOTTOM OF THE 8TH
Newark Knights batting - Pitching for Washington Oaks : RHP Tommy Tripp
Pitching: LHP De'Vegas Guzman
Batting: RHB Garret Perales 0-0: Called Strike
0-1: Ball
1-1: Called Strike
1-2: Strikes out swinging
Batting: RHB Fulton Mhina 0-0: Ball
1-0: Ball
2-0: Ball
3-0: Called Strike
3-1: Foul Ball, location: 2F
3-2: Fly out, F8 (Flyball, 8LD, EV 106.2 MPH)
Batting: LHB Chase Barkow 0-0: Ground out 3-1 (Groundball, 34, EV 104.4 MPH)
Bottom of the 8th over - 0 runs, 0 hits, 0 errors, 0 left on base; Washington 2 - Newark 10
TOP OF THE 9TH
Washington Oaks batting - Pitching for Newark Knights : RHP Richard Dueck
Batting: LHB Topher Delano 0-0: Foul Ball, location: 2F
0-1: Swinging Strike
0-2: Ball
1-2: Foul Ball, location: 2F
1-2: Foul Ball, location: 2F
1-2: Strikes out swinging
Batting: RHB Tristin Curtis 0-0: Ball
1-0: Ball
2-0: Ball
3-0: Ground out 5-3 (Groundball, 5, EV 106.2 MPH)
Pinch Hitting: LHB Lucas Murray 0-0: Called Strike
0-1: Swinging Strike
0-2: Ball
1-2: Strikes out looking
Top of the 9th over - 0 runs, 0 hits, 0 errors, 0 left on base; Washington 2 - Newark 10
Tuesday, May 7th , 2024 - OOTP Baseball 23.10 Build 110